 Dungeon Crawl Stone Soup version 0.24-a0-463-g3510def36b (webtiles) character file.

Game seed: 415175620908135021

21 deorigin the Slasher (level 2, 26/26 HPs)
             Began as a Minotaur Berserker on June 13, 2019.
             Was a Follower of Trog.
             Got out of the dungeon alive.
             The game lasted 00:03:12 (726 turns).

deorigin the Slasher (Minotaur Berserker)            Turns: 726, Time: 00:03:13

Health: 26/26      AC:  5    Str: 21    XL:     2   Next: 62%
Magic:  1/1        EV: 11    Int:  4    God:    Trog [*.....]
Gold:   60         SH:  0    Dex:  9    Spells: 1/1 levels left

rFire    . . .     SeeInvis .   a - +0 falchion
rCold    . . .     Gourm    .   (no shield)
rNeg     . . .     Faith    .   f - +0 ring mail
rPois    .         Spirit   .   (helmet restricted)
rElec    .         Reflect  .   (no cloak)
rCorr    .         Harm     .   (no gloves)
MR       .....                  (no boots)
Stlth    ..........             k - amulet of the acrobat
HPRegen  0.08/turn              (no ring)
MPRegen  0.07/turn              (no ring)

@: no status effects
A: retaliatory headbutt, horns 2
a: Berserk, Renounce Religion


You escaped.
You worshipped Trog.
Trog was aware of your devotion.
You were not hungry.

You visited 1 branch of the dungeon, and saw 1 of its levels.

You collected 60 gold pieces.

Inventory:

Hand Weapons
 a - a +0 falchion (weapon)
Armour
 b - a +0 animal skin
 f - a +0 ring mail (worn)
Jewellery
 k - an amulet of the acrobat (around neck)
Scrolls
 e - a scroll of amnesia {unknown}
 g - a scroll of random uselessness {unknown}
 h - a scroll of fog {unknown}
 l - a scroll of teleportation {unknown}
Potions
 i - a potion of heal wounds {unknown}
 j - 2 potions of agility {unknown}
Comestibles
 c - a ration


   Skills:
 - Level 3.6 Fighting
 + Level 4.8 Long Blades
 - Level 2.4 Armour
 - Level 2.1 Dodging


You had one spell level left.
You didn't know any spells.
Your spell library was empty.

Dungeon Overview and Level Annotations

Branches:
Dungeon (1/15)

Altars:


Innate Abilities, Weirdness & Mutations

You reflexively headbutt those who attack you in melee.
You have a pair of horns on your head.


Message History

Trog says: Kill them all!
Press ? for a list of commands and other information.
There are no items here.
A bat comes into view.
The bat completely misses you.
You riposte.
You closely miss the bat. You barely miss the bat.
The bat hits you but does no damage. x2
You slash the bat!
You kill the bat!
Trog accepts your kill.
No target in view!
No target in view!
There is a staircase leading out of the dungeon here.
You can't go up here!
There is a staircase leading out of the dungeon here.
Your library has no spells.
Are you sure you want to leave the Dungeon?
This will make you lose the game!
Alright, then stay!
Unknown command.
Are you sure you want to leave the Dungeon?
This will make you lose the game!
You have escaped!

........# #.............
......### #.............
......#####............#
...###.........#.......# ...
#.........#....#### #..
#.........#....# #...
#.....♣...#....# #...
##....8....##+###
#...####..@.......##.#
#................##'######
#................#.......#
#................#........
#.......##########........
#..........# ####........
###....#...# #...........
#+###......#...####...........
####...†......#............##....


There were no monsters in sight!

Vanquished Creatures
  2 leopard geckos (D:1)
  3 hobgoblins (D:1)
  2 jackals (D:1)
  A kobold (D:1)
  4 bats (D:1)
  2 goblins (D:1)
  3 rats (D:1)
17 creatures vanquished.

Notes
Turn   | Place    | Note
-------+----------+-------------------------------------------
     0 | D:1      | deorigin the Minotaur Berserker began the quest for the
                  | Orb.
     0 | D:1      | Reached XP level 1. HP: 19/19 MP: 0/0
    92 | D:1      | Reached skill level 4 in Long Blades
   162 | D:1      | Reached XP level 2. HP: 26/26 MP: 1/1
   654 | D:1      | Upgraded the game from 0.24-a0-429-g4608c8fa30 to
                  | 0.24-a0-458-gfcb5e6da0e
   658 | D:1      | Upgraded the game from 0.24-a0-458-gfcb5e6da0e to
                  | 0.24-a0-462-ge24419a6ad
   701 | D:1      | Upgraded the game from 0.24-a0-462-ge24419a6ad to
                  | 0.24-a0-463-g3510def36b
   726 | D:$      | Got out of the dungeon alive.

Levels and vault maps discovered:
D:1:      wander_arrival_peaceful_grave, layout_basic

Skill      XL: |  1 |
---------------+----+-----
Long Blades    | 4 |  4.8
Fighting       | |  3.6
Armour         | |  2.4
Dodging        | |  2.1

Action                   || total
-------------------------++-------
Melee: Falchion          ||    30
       Headbutt          ||     5
Armor: Ring mail         ||    10
       Animal skin       ||     1
Dodge: Dodged            ||    29
       Rpst.: Falchion   ||    10

Table legend:
 A = Non-vault XP
 B = Vault XP
 C = Vault XP percentage of total XP
 D = Non-vault monster count
 E = Vault monster count
 F = Vault count percentage of total count
                 A         B        C        D         E       F
            +---------+---------+-------+---------+---------+-------
      Total |      30 |       0 |   0.0 |      17 |       0 |   0.0
            +---------+---------+-------+---------+---------+-------
        D:1 |      30 |       0 |   0.0 |      17 |       0 |   0.0
            +---------+---------+-------+---------+---------+-------
